 Dungeon Crawl Stone Soup version 0.23.3-3-gaaff5abdbf (webtiles) character file.

Game seed: 13413436190212516064

34673 MordorOrchid the Summoner (level 13, -13/99 HPs)
             Began as a Gnoll Summoner on June 9, 2020.
             Was the Champion of Cheibriados.
             Engulfed by a cloud of flame (26 damage)
             ... on level 11 of the Dungeon on June 13, 2020.
             The game lasted 01:46:26 (11809 turns).

MordorOrchid the Summoner (Gnoll Summoner)         Turns: 11809, Time: 01:46:28

Health: -13/99     AC: 17    Str: 25    XL:     13   Next: 78%
Magic:  23/44      EV: 16    Int: 38    God:    Cheibriados [******]
Gold:   1090       SH: 14    Dex: 31    Spells: 10/31 levels left

rFire    . . .     SeeInvis .   F - +9 scimitar (flame)
rCold    . . .     Gourm    .   K - +0 shield
rNeg     . . .     Faith    .   G - +0 chain mail {rPois}
rPois    +         Spirit   .   h - +0 helmet
rElec    .         Reflect  .   (no cloak)
rCorr    .         Harm     .   S - +0 pair of gloves
MR       .....                  l - +2 pair of boots
Stlth    ++........             (no amulet)
HPRegen  0.26/turn              U - ring of magical power
MPRegen  0.29/turn              R - ring of magical power

@: very slightly contaminated, very slow
A: distributed training, fangs 1, strong nose
a: Bend Time, Temporal Distortion, Slouch, Step From Time, Renounce Religion


You were on level 11 of the Dungeon.
You worshipped Cheibriados.
Cheibriados was exalted by your worship.
You were not hungry.

You visited 4 branches of the dungeon, and saw 19 of its levels.
You also visited: Sewer.

You collected 1342 gold pieces.
You spent 252 gold pieces at shops.

Inventory:

Hand Weapons
 b - a +0 blowgun
 F - a +9 scimitar of flaming (weapon)
 L - a +5 spear
 Z - a +2 dagger of draining
Missiles
 g - 30 arrows
 u - 109 sling bullets
 D - 10 tomahawks (quivered)
Armour
 h - a +0 helmet (worn)
 l - a +2 pair of boots (worn)
 G - a +0 chain mail of poison resistance (worn)
 K - a +0 shield (worn)
 O - the +3 robe "Magutz" {rElec Str+5}
   (You found it on level 2 of the Lair of Beasts)

   It affects your strength (+5).
   It insulates you from electricity.
 S - a +0 pair of gloves (worn)
Jewellery
 n - an uncursed ring of fire
 p - an uncursed ring of see invisible
 s - an uncursed ring of wizardry
 R - a ring of magical power (right hand)
 U - a ring of magical power (left hand)
Wands
 C - a wand of acid (29)
 J - a wand of digging (5)
 V - a wand of paralysis (13)
 W - a wand of scattershot (6)
 X - a wand of polymorph (3)
Scrolls
 d - a scroll of summoning
 e - a scroll of fear
 f - 3 scrolls of fog
 i - a scroll of amnesia
 k - a scroll of magic mapping {unknown}
 m - 15 scrolls of teleportation
 r - 6 scrolls of blinking
 t - 2 scrolls of immolation
 y - a scroll of acquirement {unknown}
 E - 4 scrolls of enchant armour
 N - 3 scrolls of remove curse
 P - a scroll of vulnerability
Potions
 v - 3 potions of might
 w - 3 potions of curing
 x - 2 potions of magic
 z - a potion of resistance {unknown}
 M - 2 potions of lignification
 Q - 2 potions of berserk rage {unknown}
 T - a potion of mutation {unknown}
 Y - 2 potions of heal wounds
Comestibles
 c - 40 rations


   Skills:
 + Level 8.4 Fighting
 + Level 8.4 Short Blades
 + Level 8.4 Long Blades
 + Level 8.4 Axes
 + Level 8.4 Maces & Flails
 + Level 8.4 Polearms
 + Level 8.4 Staves
 + Level 8.4 Slings
 + Level 8.4 Bows
 + Level 8.4 Crossbows
 + Level 8.4 Throwing
 + Level 8.4 Armour
 + Level 9.6 Dodging
 + Level 9.5 Stealth
 + Level 8.4 Shields
 + Level 8.4 Unarmed Combat
 + Level 9.8 Spellcasting
 + Level 7.0 Conjurations
 + Level 7.0 Hexes
 + Level 7.0 Charms
 + Level 10.0 Summonings
 + Level 7.0 Necromancy
 + Level 7.0 Translocations
 + Level 7.0 Transmutations
 + Level 7.0 Fire Magic
 + Level 7.0 Ice Magic
 + Level 7.0 Air Magic
 + Level 7.0 Earth Magic
 + Level 7.0 Poison Magic
 + Level 9.2 Invocations
 + Level 8.4 Evocations


You had 10 spell levels left.
You knew the following spells:

 Your Spells              Type           Power        Failure   Level  Hunger
a - Call Canine Familiar  Summ           #######.     1%          3    None
b - Call Imp              Summ           #######.     1%          2    None
c - Conjure Flame         Conj/Fire      ######..     4%          3    None
g - Mephitic Cloud        Conj/Pois/Air  ######..     4%          3    None
j - Summon Lightning Spi  Summ/Air       ######..     8%          4    None
s - Summon Ice Beast      Ice/Summ       ######..     8%          4    None
x - Blink                 Tloc           N/A          2%          2    None

Your spell library contained the following spells:

 Spells                   Type           Power        Failure   Level  Hunger
 Magic Dart               Conj           ####         1%          1    None
 Summon Small Mammal      Summ           ####         1%          1    None
 Slow                     Hex            ######..     2%          2    None
 Summon Guardian Golem    Hex/Summ       ######..     2%          3    None


Dungeon Overview and Level Annotations

Branches:
Dungeon (11/15)            Temple (1/1) D:5            Lair (6/6) D:8
 Shoals (0/4) Lair:4       Spider (0/4) Lair:2        Slime (0/5) Lair:6
    Orc (1/2) D:11

Altars:
Ashenzari
Cheibriados
Dithmenos
Elyvilon
Fedhas
Gozag
Hepliaklqana
Kikubaaqudgha
Makhleb
Nemelex Xobeh
Okawaru
Qazlal
Ru
Sif Muna
Trog
Uskayaw
Vehumet
Wu Jian
Xom
Yredelemnul
Zin
The Shining One
Jiyva

Shops:
D:4 (

Portals:
Trove: D:10 (give 4 potions of resistance)

Annotations:
D:3 2 transporters, MordorOrchid's ghost, novice GnSu
D:10 1 runed translucent door, Kavlax's ghost, journeyman GrFi
Lair:3 1 runed translucent door, MordorOrchid's ghost, journeyman MiTm


Innate Abilities, Weirdness & Mutations

Your experience applies equally to all skills.
You have very sharp teeth.
Your uncanny sense of smell can sniff out nearby items.


Message History

You climb upwards.
Welcome back to the Dungeon!
There is a staircase to the Orcish Mines here.
Unknown command.
Casting: Summon Ice Beast (safe; 8% risk of failure)
Confirm with . or Enter, or press ? or * to list all spells.
You can't see any susceptible monsters within range! (Use Z to cast anyway.) Throwing (i - inventory)
D - 10 tomahawks (quivered)
Press: ? - help, Shift-Dir - straight line, f - orc warlord
Aim: an orc warlord, wielding a +0 war axe and wearing a +3 chain mail of poison resistance (almost dead, unusually strong, inner flame)
Okay, then.
The flow of time bends around you.
Cheibriados rebukes the orc warlord.
The orc warlord seems to slow down.
You feel slightly more hungry.
You slice the orc warlord!! You burn the orc warlord.
The orc warlord explodes!
The fiery explosion engulfs you!!
* * * LOW HITPOINT WARNING * * *
Cheibriados appreciates the change of pace.
You are engulfed in blazing flames.
You die...

#......÷..###.#.##
#######........>#......#
#...............#.##....
#####.....#####...###...
#......8......#....##...
#.............#.......#.
##.............#.###.....
##.....§§§.......^# #.....
#..8....)@.....8..# #.....
#.......§§........# #.....
#.#.............#.###.....
#.#.............#.........
#######.#......8......#.........
#.......#####.....#####..####...
#...................#.....###..÷
#......#..........#.###.......÷.
#.................#.# #####.##..


There were no monsters in sight!

Vanquished Creatures
  2 orc warlords
  Nessos (Lair:4)
  4 dire elephants (Lair:6)
  The ghost of peterlawrence the Warrior, a journeyman MiFi of Okawaru (Lair:5)
  3 hydras
  An anaconda (Lair:6)
  A shambling mangrove (Lair:3)
  An orc sorcerer (Orc:1)
  A cyclops (D:11)
  An oklob plant (Lair:3)
  A merfolk siren (Lair:4)
  4 elephants (Lair:6)
  3 spiny frogs
  3 komodo dragons
  A meliai (Lair:4)
  A hornet (Lair:3)
  A blink frog (Lair:6)
  A hippogriff (Lair:3)
  A dream sheep (Lair:6)
  2 redbacks (Lair:2)
  5 yaks
  A hungry ghost (D:11)
  A warg (Orc:1)
  3 water moccasins
  3 porcupines
  An ice beast (D:10)
  7 orc warriors
  2 sky beasts
  A phantom (D:11)
  2 centaurs
  5 wolves
  3 ogres
  7 crocodiles
  A big kobold (Sewer)
  5 bullfrogs
  A water moccasin skeleton (D:8)
  5 killer bees
  2 troll zombies (D:11)
  A howler monkey (D:5)
  A bullfrog zombie (D:10)
  A crimson imp (D:5)
  A hound (D:8)
  5 orc priests
  3 orc wizards
  5 worker ants
  A hell rat (D:7)
  5 ogre zombies (D:11)
  2 hound skeletons
  2 worker ant zombies
  5 adders
  7 river rats (D:7)
  2 shadow imps
  3 oozes
  A dart slug (D:1)
  3 leopard geckos
  17 orcs
  3 giant cockroaches
  3 goblins
  A hobgoblin (D:1)
  6 jackals
  4 kobolds
  5 quokkas
  2 ball pythons
  3 bats
  2 frilled lizards
  A goblin skeleton (D:11)
  2 goblin zombies (D:11)
  2 hobgoblin skeletons (D:11)
  2 hobgoblin zombies (D:11)
  6 orc zombies (D:11)
  14 rats
  A fungus (Lair:6)
  4 plants (Lair:6)
215 creatures vanquished.

Vanquished Creatures (collateral kills)
  2 dire elephants (Lair:6)
  7 hydras
  Erica (D:10)
  A death knight (D:9)
  2 manticores
  4 black mambas
  A centaur skeleton (D:10)
  8 spiny frogs
  A rime drake (Lair:6)
  5 komodo dragons
  2 meliai (Lair:4)
  2 jumping spiders (Lair:2)
  4 hornets
  A queen bee (Lair:4)
  Prince Ribbit (D:7)
  3 blink frogs (Lair:6)
  6 dream sheep (Lair:6)
  8 hippogriffs
  21 yaks
  A basilisk (Lair:2)
  9 water moccasins
  6 porcupines
  2 orc warriors
  2 ice beasts
  3 phantoms
  2 sky beasts
  6 ogres
  5 wolves
  4 big kobolds
  4 crocodiles
  9 bullfrogs
  2 scorpions
  27 killer bees
  3 wights (D:6)
  A crimson imp (D:6)
  A bullfrog zombie (D:6)
  2 orc priests
  3 hounds
  3 jellies
  10 orc wizards
  An iguana (D:4)
  A hell rat (D:7)
  3 worker ants
  An ogre zombie (D:11)
  2 worker ant zombies
  24 adders
  4 river rats
  A shadow imp (D:7)
  4 oozes
  An adder skeleton (D:4)
  3 worms (Sewer)
  6 leopard geckos
  29 orcs
  3 giant cockroaches
  3 goblins
  5 hobgoblins
  A jackal (D:6)
  14 kobolds
  4 quokkas (D:7)
  4 ball pythons
  4 bats (D:3)
  4 goblin zombies (D:11)
  A hobgoblin skeleton (D:11)
  7 orc zombies (D:11)
  12 rats
  6 fungi
  A plant (Lair:1)
334 creatures vanquished.

Vanquished Creatures (others)
  A quokka (D:6)
  4 fungi
  12 plants
  2 withered plants (D:10)
19 creatures vanquished.

Grand Total: 568 creatures vanquished

Notes
Turn   | Place    | Note
-------+----------+-------------------------------------------
     0 | D:1      | MordorOrchid the Gnoll Summoner began the quest for the
                  | Orb.
     0 | D:1      | Reached XP level 1. HP: 13/13 MP: 6/6
   121 | D:1      | Reached XP level 2. HP: 5/19 MP: 4/7
   370 | D:1      | Learned a level 2 spell: Call Imp
  1032 | D:2      | Reached XP level 3. HP: 24/25 MP: 9/9
  1065 | D:2      | Reached skill level 5 in Spellcasting
  1187 | D:2      | Reached skill level 1 in Invocations
  1307 | D:2      | Learned a level 3 spell: Call Canine Familiar
  1330 | D:3      | Found an ancient bone altar of Kikubaaqudgha.
  1332 | D:3      | Noticed an ogre
  1444 | D:3      | Reached skill level 1 in Fighting
  1444 | D:3      | Reached skill level 1 in Short Blades
  1444 | D:3      | Reached skill level 1 in Long Blades
  1444 | D:3      | Reached skill level 1 in Axes
  1444 | D:3      | Reached skill level 1 in Maces & Flails
  1444 | D:3      | Reached skill level 1 in Polearms
  1444 | D:3      | Reached skill level 1 in Staves
  1444 | D:3      | Reached skill level 1 in Slings
  1444 | D:3      | Reached skill level 1 in Bows
  1444 | D:3      | Reached skill level 1 in Crossbows
  1444 | D:3      | Reached skill level 1 in Throwing
  1444 | D:3      | Reached skill level 1 in Armour
  1444 | D:3      | Reached skill level 1 in Shields
  1444 | D:3      | Reached skill level 1 in Unarmed Combat
  1444 | D:3      | Reached skill level 1 in Evocations
  1500 | D:3      | Reached XP level 4. HP: 22/32 MP: 11/11
  1509 | D:3      | Found a glowing drain.
  1514 | Sewer    | Entered a sewer
  1706 | Sewer    | Reached skill level 1 in Conjurations
  1706 | Sewer    | Reached skill level 1 in Hexes
  1706 | Sewer    | Reached skill level 1 in Charms
  1706 | Sewer    | Reached skill level 1 in Necromancy
  1706 | Sewer    | Reached skill level 1 in Translocations
  1706 | Sewer    | Reached skill level 1 in Transmutations
  1706 | Sewer    | Reached skill level 1 in Fire Magic
  1706 | Sewer    | Reached skill level 1 in Ice Magic
  1706 | Sewer    | Reached skill level 1 in Air Magic
  1706 | Sewer    | Reached skill level 1 in Earth Magic
  1706 | Sewer    | Reached skill level 1 in Poison Magic
  1737 | Sewer    | Noticed a big kobold
  1768 | Sewer    | Killed a big kobold
  1768 | Sewer    | Reached XP level 5. HP: 25/37 MP: 7/12
  1855 | Sewer    | Noticed a big kobold
  1856 | Sewer    | Noticed a big kobold
  1870 | Sewer    | Killed a big kobold
  1874 | Sewer    | Killed a big kobold
  1874 | Sewer    | Reached XP level 6. HP: 27/44 MP: 1/13
  1890 | Sewer    | Learned a level 4 spell: Summon Ice Beast
  1895 | Sewer    | Learned a level 4 spell: Summon Lightning Spire
  1970 | D:3      | Noticed MordorOrchid's ghost (novice GnSu)
  1971 | D:3      | Found a transporter.
  1975 | D:3      | Found a transporter.
  2246 | D:3      | Reached skill level 5 in Dodging
  2534 | D:4      | Found Inuorchu's Antique Weapon Shop.
  2537 | D:4      | Bought a warped quarterstaff for 252 gold pieces
  2537 | D:4      | Identified the +4 quarterstaff "Angesut" {venom, +Fly rC-
                  | Int+8 Dex-3} (You bought it in a shop on level 4 of the
                  | Dungeon)
  2733 | D:4      | Reached XP level 7. HP: 34/50 MP: 11/15
  2963 | D:5      | Entered Level 5 of the Dungeon
  3173 | D:5      | Found a staircase to the Ecumenical Temple.
  3181 | Temple   | Entered the Ecumenical Temple
  3226 | Temple   | Became a worshipper of Cheibriados the Contemplative
  3272 | D:5      | Reached skill level 5 in Stealth
  3519 | D:5      | Found a glowing golden altar of the Shining One.
  3620 | D:6      | Reached XP level 8. HP: 33/57 MP: 16/16
  3667 | D:6      | Reached * piety under Cheibriados
  3696 | D:6      | Found a glowing silver altar of Zin.
  4042 | D:6      | Found a white marble altar of Elyvilon.
  4236 | D:7      | Noticed Prince Ribbit
  4236 | D:7      | Noticed a hornet
  4274 | D:6      | Reached ** piety under Cheibriados
  4359 | D:7      | Reached XP level 9. HP: 53/65 MP: 10/18
  4488 | D:7      | Paralysed by a hornet for 2 turns
  4491 | D:7      | Killed a hornet
  4534 | D:7      | Found a sparkling altar of Nemelex Xobeh.
  4615 | D:7      | Reached *** piety under Cheibriados
  4639 | D:7      | Killed Prince Ribbit
  4758 | D:7      | Reached skill level 8 in Summonings
  4798 | D:7      | Reached **** piety under Cheibriados
  4828 | D:7      | Learned a level 2 spell: Blink
  4832 | D:7      | Learned a level 3 spell: Mephitic Cloud
  4836 | D:7      | Learned a level 3 spell: Conjure Flame
  5054 | D:8      | Found a staircase to the Lair.
  5170 | D:8      | Found a burning altar of Makhleb.
  5214 | D:8      | Reached ***** piety under Cheibriados
  5222 | D:8      | Found a hazy altar of Hepliaklqana.
  5256 | D:8      | Reached skill level 5 in Invocations
  5662 | D:9      | Found a sparkling altar of Nemelex Xobeh.
  5676 | D:9      | Found a basalt altar of Yredelemnul.
  5679 | D:9      | Found a sacrificial altar of Ru.
  5682 | D:9      | Found a stormy altar of Qazlal.
  5708 | D:9      | Noticed a death knight
  5722 | D:9      | Killed a death knight
  5722 | D:9      | Reached XP level 10. HP: 41/73 MP: 19/20
  5884 | D:9      | Reached skill level 5 in Fighting
  5884 | D:9      | Reached skill level 5 in Short Blades
  5884 | D:9      | Reached skill level 5 in Long Blades
  5884 | D:9      | Reached skill level 5 in Axes
  5884 | D:9      | Reached skill level 5 in Maces & Flails
  5884 | D:9      | Reached skill level 5 in Polearms
  5884 | D:9      | Reached skill level 5 in Staves
  5884 | D:9      | Reached skill level 5 in Slings
  5884 | D:9      | Reached skill level 5 in Bows
  5884 | D:9      | Reached skill level 5 in Crossbows
  5884 | D:9      | Reached skill level 5 in Throwing
  5884 | D:9      | Reached skill level 5 in Armour
  5884 | D:9      | Reached skill level 5 in Shields
  5884 | D:9      | Reached skill level 5 in Unarmed Combat
  5884 | D:9      | Reached skill level 5 in Evocations
  6033 | D:10     | Entered Level 10 of the Dungeon
  6195 | D:10     | Noticed Erica
  6195 | D:10     | Paralysed by Erica for 7 turns
  6204 | D:10     | Paralysed by Erica for 2 turns
  6204 | D:10     | Killed Erica
  6365 | D:10     | Found a runed translucent door.
  6366 | D:10     | Noticed Kavlax's ghost (journeyman GrFi)
  6509 | D:10     | Found a portal to a secret trove of treasure.
  6774 | Lair:1   | Entered Level 1 of the Lair of Beasts
  6774 | Lair:1   | Noticed a spiny frog
  6778 | Lair:1   | Killed a spiny frog
  7393 | Lair:2   | Noticed a spiny frog
  7403 | Lair:2   | Killed a spiny frog
  7421 | Lair:2   | Reached ****** piety under Cheibriados
  7421 | Lair:2   | Reached XP level 11. HP: 42/81 MP: 22/22
  7513 | Lair:2   | Found a dark tunnel.
  7534 | Lair:2   | Noticed a seven-headed hydra
  7544 | Lair:2   | Noticed a six-headed hydra
  7545 | Lair:2   | Killed a six-headed hydra
  7550 | Lair:2   | Killed a six-headed hydra
  7569 | Lair:2   | Got a shadowed robe
  7679 | Lair:2   | Found a hole to the Spider Nest.
  7683 | Lair:2   | Reached skill level 5 in Conjurations
  7683 | Lair:2   | Reached skill level 5 in Hexes
  7683 | Lair:2   | Reached skill level 5 in Charms
  7683 | Lair:2   | Reached skill level 5 in Necromancy
  7683 | Lair:2   | Reached skill level 5 in Translocations
  7683 | Lair:2   | Reached skill level 5 in Transmutations
  7683 | Lair:2   | Reached skill level 5 in Fire Magic
  7683 | Lair:2   | Reached skill level 5 in Ice Magic
  7683 | Lair:2   | Reached skill level 5 in Air Magic
  7683 | Lair:2   | Reached skill level 5 in Earth Magic
  7683 | Lair:2   | Reached skill level 5 in Poison Magic
  8152 | Lair:3   | Noticed an eight-headed hydra
  8164 | Lair:3   | Killed a six-headed hydra
  8234 | Lair:3   | Noticed an oklob plant
  8234 | Lair:3   | Noticed an oklob plant
  8279 | Lair:3   | Found a runed translucent door.
  8280 | Lair:3   | Found a shimmering altar of Xom.
  8280 | Lair:3   | Noticed MordorOrchid's ghost (journeyman MiTm)
  8280 | Lair:3   | Noticed a +3 demon trident of chaos
  8446 | Lair:3   | Noticed a shambling mangrove
  8446 | Lair:3   | an oklob plant changed into a shambling mangrove
  8456 | Lair:3   | Reached skill level 9 in Summonings
  8457 | Lair:3   | Killed a shambling mangrove
  8526 | Lair:3   | Killed an oklob plant
  8638 | Lair:4   | Noticed a six-headed hydra
  8651 | Lair:4   | Killed a six-headed hydra
  8699 | Lair:4   | Found a staircase to the Shoals.
  8821 | Lair:4   | Noticed Nessos
  8844 | Lair:4   | Killed Nessos
  8844 | Lair:4   | Reached XP level 12. HP: 83/89 MP: 24/24
  8892 | Lair:4   | Identified the +3 robe "Magutz" {rElec Str+5} (You found it
                  | on level 2 of the Lair of Beasts)
  9083 | Lair:5   | Noticed a four-headed hydra
  9090 | Lair:5   | Killed a four-headed hydra
  9256 | Lair:5   | Found a runed translucent gate.
  9256 | Lair:5   | Found a runed translucent gate.
  9257 | Lair:5   | Found a runed translucent gate.
  9318 | Lair:5   | Noticed a four-headed hydra
  9330 | Lair:5   | Killed a one-headed hydra
  9543 | Lair:5   | Noticed peterlawrence's ghost (journeyman MiFi)
  9581 | Lair:5   | Killed peterlawrence's ghost
  9767 | Lair:6   | Entered Level 6 of the Lair of Beasts
  9805 | Lair:6   | Found a runed translucent door.
  9805 | Lair:6   | Found a viscous altar of Jiyva.
  9806 | Lair:6   | Found a staircase to the Slime Pits.
  9860 | Lair:6   | Noticed a six-headed hydra
  9871 | Lair:6   | Killed a six-headed hydra
  9944 | Lair:6   | Got a scorched hand axe
 10033 | Lair:6   | Got a smoking turquoise ring
 10116 | Lair:6   | Noticed a five-headed hydra
 10123 | Lair:6   | Killed a five-headed hydra
 10160 | Lair:6   | Reached XP level 13. HP: 86/98 MP: 26/26
 10674 | Lair:6   | Noticed a dire elephant
 10674 | Lair:6   | Noticed a dire elephant
 10725 | Lair:6   | Noticed a dire elephant
 10735 | Lair:6   | Killed a dire elephant
 10740 | Lair:6   | Noticed a dire elephant
 10747 | Lair:6   | Noticed a dire elephant
 10756 | Lair:6   | Killed a dire elephant
 10765 | Lair:6   | Killed a dire elephant
 10879 | Lair:6   | Noticed a dire elephant
 10888 | Lair:6   | Killed a dire elephant
 10939 | Lair:6   | Killed a dire elephant
 10958 | Lair:6   | Killed a dire elephant
 10995 | Lair:6   | Got a smoking tin ring
 11216 | Lair:1   | Identified the cursed +1 hand axe "Eleim" {chop, rPois}
                  | (You found it on level 6 of the Lair of Beasts)
 11218 | Lair:1   | Identified the ring "Ennal" {Str+3 Dex+3} (You found it on
                  | level 6 of the Lair of Beasts)
 11220 | Lair:1   | Identified the ring "Veumaxki" {*Contam +Blink rElec AC+1}
                  | (You found it on level 6 of the Lair of Beasts)
 11479 | D:11     | Found a staircase to the Orcish Mines.
 11797 | Orc:1    | Entered Level 1 of the Orcish Mines
 11797 | Orc:1    | Noticed an orc warlord
 11800 | Orc:1    | Noticed an orc warlord
 11805 | Orc:1    | Reached skill level 10 in Summonings
 11805 | Orc:1    | Killed an orc warlord
 11809 | D:11     | Killed an orc warlord
 11809 | D:11     | Engulfed by a cloud of flame

Skill      XL: |  1  2  3  4  5  6  7  8  9 10 11 12 13 |
---------------+----------------------------------------+-----
Spellcasting   | 5 6 7 8 9 |  9.8
Invocations    | 1 2 3 4 5 6 7 8 9 |  9.2
Fighting       | 1 2 3 4 5 6 7 8 |  8.4
Short Blades   | 1 2 3 4 5 6 7 8 |  8.4
Long Blades    | 1 2 3 4 5 6 7 8 |  8.4
Axes           | 1 2 3 4 5 6 7 8 |  8.4
Maces & Flails | 1 2 3 4 5 6 7 8 |  8.4
Polearms       | 1 2 3 4 5 6 7 8 |  8.4
Staves         | 1 2 3 4 5 6 7 8 |  8.4
Slings         | 1 2 3 4 5 6 7 8 |  8.4
Bows           | 1 2 3 4 5 6 7 8 |  8.4
Crossbows      | 1 2 3 4 5 6 7 8 |  8.4
Throwing       | 1 2 3 4 5 6 7 8 |  8.4
Armour         | 1 2 3 4 5 6 7 8 |  8.4
Shields        | 1 2 3 4 5 6 7 8 |  8.4
Unarmed Combat | 1 2 3 4 5 6 7 8 |  8.4
Evocations     | 1 2 3 4 5 6 7 8 |  8.4
Conjurations   | 1 2 3 4 5 6 7 |  7.0
Hexes          | 1 2 3 4 5 6 7 |  7.0
Charms         | 1 2 3 4 5 6 7 |  7.0
Necromancy     | 1 2 3 4 5 6 7 |  7.0
Translocations | 1 2 3 4 5 6 7 |  7.0
Transmutations | 1 2 3 4 5 6 7 |  7.0
Fire Magic     | 1 2 3 4 5 6 7 |  7.0
Ice Magic      | 1 2 3 4 5 6 7 |  7.0
Air Magic      | 1 2 3 4 5 6 7 |  7.0
Earth Magic    | 1 2 3 4 5 6 7 |  7.0
Poison Magic   | 1 2 3 4 5 6 7 |  7.0
Dodging        | 5 6 7 8 9 |  9.6
Stealth        | 5 6 7 8 9 |  9.5
Summonings     | 8 9 10 | 10.0

Action                   |  1- 3 |  4- 6 |  7- 9 | 10-12 | 13-15 || total
-------------------------+-------+-------+-------+-------+-------++-------
Melee: Unarmed           |    18 |       |       |       |       ||    18
       Club              |     4 |       |       |       |       ||     4
       Bite              |     3 |     6 |    25 |    42 |    45 ||   121
       Short sword       |    50 |    34 |       |       |       ||    84
       Quarterstaff      |       |    14 |   183 |   204 |   107 ||   508
       Spear             |       |       |     3 |       |       ||     3
       Scimitar          |       |       |       |    29 |    40 ||    69
       Punch             |       |       |       |     2 |       ||     2
Throw: Tomahawk          |       |       |       |    13 |    14 ||    27
 Cast: Summon Small Mamm |    32 |       |       |       |       ||    32
       Call Imp          |    14 |    26 |    13 |       |       ||    53
       Call Canine Famil |     1 |    14 |    19 |    45 |     8 ||    87
       Summon Lightning  |       |       |    28 |    36 |    16 ||    80
       Summon Ice Beast  |       |       |     9 |   117 |    21 ||   147
       Mephitic Cloud    |       |       |       |    12 |    19 ||    31
       Blink             |       |       |       |     4 |     5 ||     9
       Conjure Flame     |       |       |       |     2 |     6 ||     8
Invok: Bend Time         |       |       |       |     2 |     4 ||     6
       Slouch            |       |       |       |     1 |       ||     1
Evoke: Wand              |       |       |     1 |     4 |     2 ||     7
  Use: Scroll            |       |     8 |    11 |     9 |     6 ||    34
       Potion            |       |     1 |       |     3 |     1 ||     5
 Stab: Sleeping          |     6 |     4 |     5 |       |     1 ||    16
       Distracted        |       |     1 |     3 |     8 |     3 ||    15
       Confused          |       |       |       |     5 |    19 ||    24
  Eat: Chunk             |     2 |     5 |     8 |     9 |     3 ||    27
Armor: Robe              |     5 |       |       |       |       ||     5
       Ring mail         |    16 |    19 |    26 |       |       ||    61
       Scale mail        |       |       |    35 |     2 |       ||    37
       Chain mail        |       |       |       |    86 |    36 ||   122
Dodge: Dodged            |    43 |    33 |   130 |   232 |    72 ||   510
Block: Shield            |       |       |       |       |    14 ||    14
       Rpst.: Scimitar   |       |       |       |     5 |     2 ||     7
